 Dungeon Crawl Stone Soup version 0.18.1-8-gdd0e5ea (webtiles) character file.

46 Metae the Caller (level 3, 0/20 HPs)
             Began as a Tengu Summoner on May 22, 2016.
             Succumbed to an adder's poison
             ... on level 2 of the Dungeon.
             The game lasted 00:40:39 (2994 turns).

Metae the Caller (Tengu Summoner)                   Turns: 2994, Time: 00:40:40

Health: 0/20       AC:  2    Str:  8    XL:     3   Next: 68%
Magic:  5/8        EV: 12    Int: 21    God:
Gold:   71         SH:  0    Dex: 14    Spells: 2 memorised, 4 levels left

rFire  . . .     SeeInvis .     d - +0 hunting sling
rCold  . . .     Gourm    .     a - +0 robe
rNeg   . . .     Faith    .     (no shield)
rPois  .         Spirit   .     (helmet restricted)
rElec  .         Dismiss  .     (no cloak)
rCorr  .         Reflect  .     (no gloves)
SustAt .         Harm     .     (boots unavailable)
MR     .....                    (no amulet)
Stlth  ++........               (no ring)
                                (no ring)

@: brilliant, lethally poisoned (0 -> -7), not resistant to hostile
enchantments, unstealthy
A: beak, talons 3
a: no special abilities


You were on level 2 of the Dungeon.
You were not hungry.

You visited 1 branch of the dungeon, and saw 2 of its levels.

You collected 71 gold pieces.

Inventory:

Hand Weapons
 d - a +0 hunting sling (weapon)
 f - a +0 dagger
 i - a +0 dagger
 l - a +0 short sword
 p - a +0 whip
Missiles
 g - 60 stones (quivered)
Armour
 a - a +0 robe (worn)
 k - a +0 scale mail
 m - a +0 robe
Scrolls
 e - a scroll of immolation {unknown}
 h - a scroll of remove curse {unknown}
 q - a scroll of identify {unknown}
Books
 b - a book of Callings

   Spells                             Type                      Level
   a - Summon Small Mammal            Summoning                    1
   b - Call Imp                       Summoning                    2
   c - Call Canine Familiar           Summoning                    3
   d - Summon Guardian Golem          Hexes/Summoning              3
   e - Summon Lightning Spire         Summoning/Air                4
   f - Summon Ice Beast               Ice/Summoning                4
Comestibles
 n - a meat ration


   Skills:
 * Level 1.0 Fighting
 + Level 2.2 Dodging
 + Level 2.3 Stealth
 + Level 2.7 Spellcasting
 * Level 5.3 Summonings


You had 4 spell levels left.
You knew the following spells:

 Your Spells              Type           Power        Failure   Level  Hunger
a - Summon Small Mammal   Summ           ####         1%          1    None
b - Call Imp              Summ           #####...     1%          2    ##.....


Dungeon Overview and Level Annotations

Branches:
Dungeon (2/15)

Altars:
Jiyva


Innate Abilities, Weirdness & Mutations

You have a beak for a mouth.
You have claws for feet.


Message History

You are lethally poisoned!
The adder poisons you!
It was a potion of brilliance.
You feel clever all of a sudden.
* * * LOW HITPOINT WARNING * * *
You feel sick. The adder closely misses you.
Your white imp gestures at the adder.
The puff of frost hits the adder.
The adder dies!
Your Fighting skill increases to level 1!
Your shadow imp hits the worm.
* * * LOW HITPOINT WARNING * * *
You feel sick.
Your shadow imp hits the worm.
You swap places.
The worm bites your white imp but does no damage.
Your shadow imp closely misses the worm.
Your white imp hits the worm.
Your white imp freezes the worm.
* * * LOW HITPOINT WARNING * * *
You feel sick.
You die...

#..............#.....
#..........#...######
##.##...........#
#..)........#..## #
#..##<..##......# #
.###..#######..#...# ###
w........§5§w..#...####..
####.>##.5§§..........#.)
#..#.@§###............
#..................#..
##.#<..######...####..
#.##.## #...# ### #.....#
#...# # ####..# ##### #
#..# # #..# #..#


You could see a friendly white imp and a friendly shadow imp.

Vanquished Creatures (collateral kills)
  3 adders (D:2)
  An ooze (D:1)
  3 worms (D:2)
  3 giant geckos
  2 bats (D:2)
  2 giant cockroaches
  4 goblins
  4 hobgoblins
  7 kobolds
  A ball python (D:2)
  A giant newt (D:1)
  5 rats
36 creatures vanquished.

Notes
Turn   | Place    | Note
--------------------------------------------------------------
     0 | D:1      | Metae the Tengu Summoner began the quest for the Orb.
     0 | D:1      | Reached XP level 1. HP: 10/10 MP: 4/4
   295 | D:1      | Found a viscous altar of Jiyva.
   295 | D:1      | Noticed a jelly
   295 | D:1      | Noticed a jelly
   295 | D:1      | Noticed a jelly
   297 | D:1      | Noticed a jelly
   314 | D:1      | Reached skill level 5 in Summonings
   339 | D:1      | Noticed a jelly
   341 | D:1      | Noticed a jelly
   396 | D:1      | Reached XP level 2. HP: 14/15 MP: 4/6
  1108 | D:1      | Learned a level 2 spell: Call Imp
  1507 | D:2      | Reached XP level 3. HP: 16/20 MP: 7/7
  2989 | D:2      | Reached skill level 1 in Fighting
  2992 | D:2      | HP: 1/20 [poisoned by an adder]
  2994 | D:2      | Succumbed to an adder's poison

Skill      XL: |  1  2  3 |
---------------+----------+-----
Summonings     | 5 |  5.3
Fighting       | 1 |  1.0
Dodging        | |  2.2
Stealth        | |  2.3
Spellcasting   | |  2.7

Action                   || total
-------------------------++-------
 Fire: Hunting sling     ||     1
 Cast: Summon Small Mamm ||    27
       Call Imp          ||    21
  Use: Potion            ||     4
       Scroll            ||     1
  Eat: Bread ration      ||     2
       Beef jerky        ||     1
Armor: Robe              ||    13
Dodge: Dodged            ||    68
